 Dungeon Crawl Stone Soup version 0.30-a0-141-g30f27751c5 (webtiles) character file.

Game seed: 13457718164234788166

179344 qw the Severer (level 18, -15/120 HPs)
             Began as a Gargoyle Fighter on Sept 25, 2022.
             Was a High Priest of Okawaru.
             Demolished by a 20-headed hydra (17 damage)
             ... called by a spriggan druid
             ... on level 3 of the Swamp.
             The game lasted 00:16:02 (36333 turns).

qw the Severer (Gargoyle Fighter)                  Turns: 36333, Time: 00:16:02

Health: -15/120    AC: 58    Str: 27    XL:     18   Next: 23%
Magic:  25/25      EV: 23    Int: 10    God:    Okawaru [*****.]
Gold:   1533       SH: 18    Dex: 21    Spells: 17/17 levels left

rFire   . . .      SeeInvis +    g - +9 war axe (protect)
rCold   + + .      Faith    .    B - +1 kite shield {rC+}
rNeg    + . .      Spirit   .    c - +6 plate armour of the Stone Wall {rElec Dex+2}
rPois   inf        Reflect  .    F - +0 helmet of the Imbibing Gods {Will+ Dex+3}
rElec   +          Harm     .    i - +1 cloak
rCorr   .          Rampage  .    s - +2 pair of gloves
Will    +....                    y - +2 pair of boots
Stlth   ..........               (no amulet)
HPRegen 0.30/turn                x - ring of the Manifold Yaks {rC+ Will- EV+4 Dex+7 Stlth+}
MPRegen 0.19/turn                m - +4 ring of evasion

@: heroic, under a protective aura, flying
A: sickness immunity, AC +13, big wings, negative energy resistance 1,
electricity resistance, torment resistance 1, petrification resistance, see
invisible
a: Renounce Religion, Heroism, Finesse, Duel


You were on level 3 of the Swamp.
You worshipped Okawaru.
Okawaru was extremely pleased with you.
You visited 6 branches of the dungeon, and saw 29 of its levels.
You also visited: Ossuary and Gauntlet.

You collected 3687 gold pieces.
You spent 2154 gold pieces at shops.


Innate Abilities, Weirdness & Mutations

You are immune to sickness and miasma.
Your stone body is resilient. (AC +13)
You are immune to poison.
Your large and strong wings let you fly.
You resist negative energy. (rN+)
You are resistant to electric shocks. (rElec)
You are resistant to unholy torment.
You are immune to petrification.
You have supernaturally acute eyesight. (SInv)


   Skills:
 + Level 15.6(20.6) Fighting
 - Level 16.0(21.0) Axes
 - Level 9.0(14.0) Throwing
 - Level 15.0(20.0) Armour
 - Level 7.0(12.0) Dodging
 - Level 15.0(20.0) Shields
 - Level 10.0 Invocations


You had 17 spell levels left.
You didn't know any spells.
Your spell library was empty.

Inventory:

Hand Weapons
 g - a +9 war axe of protection (weapon)
Missiles
 o - 5 boomerangs of dispersal
 w - 11 javelins
 z - 6 boomerangs
 E - 4 silver boomerangs
 G - 8 silver javelins (quivered)
Armour
 a - +0 ice dragon scales
 c - the +6 plate armour of the Stone Wall (worn) {rElec Dex+2}
   (Okawaru gifted it to you on level 3 of the Lair of Beasts)

   Dex:       It affects your dexterity (+2).
   rElec:     It insulates you from electricity.
 h - the +1 fire dragon scales of Grace {rPois rF++ rC- MP-9 Dex+4}
   (Okawaru gifted it to you on level 13 of the Dungeon)

   Dex:       It affects your dexterity (+4).
   rF:        It greatly protects you from fire.
   rC:        It makes you vulnerable to cold.
   rPois:     It protects you from poison.
   MP:        It affects your magic capacity (-9).
 i - a +1 cloak (worn)
 s - a +2 pair of gloves (worn)
 v - a +2 helmet
 y - a +2 pair of boots (worn)
 B - a +1 kite shield of cold resistance (worn)
 F - the +0 helmet of the Imbibing Gods (worn) {Will+ Dex+3}
   (You bought it in a shop on level 2 of the Orcish Mines)

   Dex:       It affects your dexterity (+3).
   Will:      It increases your willpower.
Jewellery
 f - a ring of protection from fire
 k - the amulet "Lopasefe" {Faith rElec Will- rCorr}
   (You found it on level 5 of the Lair of Beasts)

   [amulet of faith]

   It allows you to gain divine favour quickly.
   rElec:     It insulates you from electricity.
   rCorr:     It protects you from acid and corrosion.
   Will:      It decreases your willpower.
 m - a +4 ring of evasion (right hand)
 u - a ring of fire
 x - the ring of the Manifold Yaks (left hand) {rC+ Will- EV+4 Dex+7 Stlth+}
   (You took it off a minotaur in a Gauntlet)

   [ring of evasion]

   EV:        It affects your evasion (+4).
   Dex:       It affects your dexterity (+7).
   rC:        It protects you from cold.
   Will:      It decreases your willpower.
   Stlth:     It makes you more stealthy.
 Y - the ring of Juos {rC++ MP+9 Str+4}
   (You found it on level 5 of the Lair of Beasts)

   [ring of magical power]

   Str:       It affects your strength (+4).
   rC:        It greatly protects you from cold.
   MP:        It affects your magic capacity (+9).
Scrolls
 l - 15 scrolls of identify
Potions
 b - 4 potions of haste
 d - 5 potions of might
 e - 2 potions of resistance
 p - 4 potions of magic
 q - 11 potions of curing
 r - 3 potions of mutation
 t - 6 potions of attraction
 A - 4 potions of lignification

Dungeon Overview and Level Annotations

Branches:
Dungeon (15/15)            Temple (1/1) D:5            Lair (5/5) D:10
  Swamp (3/4) Lair:3       Spider (3/4) Lair:2        Slime (0/5) Lair:5
    Orc (2/2) D:11            Elf (0/3) Orc:2        Vaults (0/5) D:13
 Depths (0/4) D:15        Ossuary (visited)         Gauntlet (visited)

Altars:
Ashenzari
Cheibriados
Dithmenos
Elyvilon
Fedhas
Gozag
Hepliaklqana
Kikubaaqudgha
Makhleb
Nemelex Xobeh
Okawaru
Qazlal
Ru
Sif Muna
Trog
Uskayaw
Vehumet
Wu Jian
Xom
Yredelemnul
Zin
The Shining One
Jiyva
Lugonu

Shops:
D:11 =((*?   D:15 *   Orc:2 [[[:

Portals:
Abyss: Lair:5
Trove: D:14 (give +3 shadow dragon scales)


Message History

You block the 19-headed hydra's attack. The 19-headed hydra closely misses you.
The 19-headed hydra completely misses you.
The 19-headed hydra misses you. The 19-headed hydra bites you!
The 19-headed hydra barely misses you.
The 19-headed hydra bites you but does no damage.
The 19-headed hydra bites you! You block the 19-headed hydra's attack.
The 19-headed hydra closely misses you. The 19-headed hydra barely misses you.
The 19-headed hydra closely misses you.
The 19-headed hydra completely misses you.
The 19-headed hydra misses you. x3
The 19-headed hydra bites you but does no damage.
You slice the swamp dragon!!
You kill the swamp dragon!
Okawaru accepts your kill.
You slash the swamp worm!
You chop one of the 14-headed hydra's heads off!
The 13-headed hydra grows two more!
You slice the 15-headed hydra!!
You lop one of the 19-headed hydra's heads off!
The 18-headed hydra grows two more!
You slice the 20-headed hydra!! You slash the swamp worm!
You block the swamp worm's attack. x2; The spriggan rider closely misses you.
The 15-headed hydra bites you but does no damage.
You block the 15-headed hydra's attack. x2
The 15-headed hydra barely misses you. x3
The 15-headed hydra closely misses you.
The 15-headed hydra bites you but does no damage. x2
The 15-headed hydra barely misses you.
The 15-headed hydra bites you but does no damage. x5
The alligator bites you!
The alligator tail-slaps you but does no damage.
You lop one of the 15-headed hydra's heads off!
The 14-headed hydra grows two more!
You slash the 16-headed hydra!
The 16-headed hydra is heavily wounded.
You barely miss the 20-headed hydra. You slash the swamp worm!
You slash the alligator! You closely miss the swamp worm.
You block the swamp worm's attack.
The 20-headed hydra completely misses you.
You block the 20-headed hydra's attack. The 20-headed hydra bites you.
The 20-headed hydra closely misses you. The 20-headed hydra bites you!
You die...

77777~~~~~.~. 77~~~~~~77
.~7.~~~~~ 7~~~~~~.7
.~.¤~~.¤~ .777~.....~7
7......~~ 7...~.~777~7
~.~~..~(~ 77.~~..7 77
7.~~%..~~ ......77
777..i.~7
~.77..77777777.Dtw.~7777
~7 7~~~%~77~~~~D@[..~~~7
¤ 77~~~.7.~~~.w777~~~.7
7.~~...~~~..7 .~7
77~~.77.~.~.7 7
77.~77~7~.~7


77777777777 You could see an alligator (swift), a 20-headed hydra (strong), a
16-headed hydra, a spriggan rider and 2 swamp worms.

Vanquished Creatures
  Mara (Spider:3)
  Saint Roka (Orc:2)
  Arachne (Spider:1)
  Jorgrun (Orc:1)
  Mlioglotl (Spider:2)
  Frances (Spider:2)
  Kirke (Swamp:1)
  Gastronok (D:8)
  Donald (Spider:1)
  A ghost moth (Spider:3)
  2 orc warlords
  A stone giant (D:15)
  Nessos (D:13)
  3 spark wasps
  A dire elephant (shapeshifter) (D:10)
  A minotaur (Gauntlet)
  A blizzard demon (Gauntlet)
  2 bunyips
  2 eleionomae
  Snorg (Orc:2)
  Josephine (D:13)
  4 entropy weavers
  2 ghost crabs
  A vault guard (D:13)
  A hell beast (Gauntlet)
  5 ogre magi
  An ice dragon (D:13)
  2 jorogumos
  9 hydras
  Erolcha (D:12)
  3 catoblepae
  3 radroaches (Spider:1)
  7 centaur warriors
  21 two-headed ogres
  2 alligators
  6 boulder beetles
  12 death yaks
  Urug (D:13)
  2 thrashing horrors (Lair:5)
  5 tengu warriors
  Sonja (Lair:2)
  Amaemon (D:9)
  A pharaoh ant (Spider:1)
  2 spriggan druids (Swamp:3)
  4 goliath frogs
  A lindwurm (Lair:5)
  4 steelbarb worms
  4 swamp dragons
  3 spriggan simulacra (Swamp:2)
  8 orb spiders
  A wizard (D:14)
  Pikel (D:4)
  15 ugly things
  2 orc knights
  An oklob plant (Lair:4)
  4 orc sorcerers
  16 wolf spiders
  3 manticores
  8 cyclopes
  5 elephants (Lair:1)
  Maurice (D:8)
  6 black mambas
  An orange demon (D:9)
  3 smoke demons (Lair:5)
  12 cane toads
  A rime drake (shapeshifter) (Lair:5)
  11 demonic crawlers
  A yaktaur (shapeshifter) (D:15)
  6 komodo dragons
  2 rime drakes
  An ice devil (Gauntlet)
  A yaktaur (D:10)
  An anaconda simulacrum (Swamp:2)
  An ancient zyme (Lair:5)
  4 meliai
  6 trolls
  A hornet (Swamp:2)
  2 polar bears (Lair:3)
  A raiju (Gauntlet)
  5 slime creatures (D:14)
  6 tyrant leeches
  23 tarantellas
  11 small abominations (Lair:5)
  2 large abominations (Lair:5)
  34 blink frogs
  12 jumping spiders
  Sigmund (D:5)
  10 culicivoras
  6 spriggans
  2 shadows
  3 ynoxinuls (Lair:5)
  A dire elephant simulacrum (Swamp:2)
  6 wraiths
  35 yaks
  7 wyverns
  2 humans (Swamp:1)
  14 basilisks
  2 water elementals (D:12)
  5 hogs (Swamp:1)
  2 steam dragons
  40 redbacks
  Menkaure (D:7)
  4 wargs
  8 vampire mosquitoes
  16 swamp worms
  A harpy simulacrum (Swamp:2)
  A swamp worm (shapeshifter) (D:10)
  2 acid dragons
  2 hell hounds (Gauntlet)
  16 water moccasins
  26 orc warriors
  3 ice beasts
  4 swamp drakes
  5 black bears
  26 ogres
  15 wolves
  A lemure (D:4)
  4 centaurs
  6 phantoms
  6 kobold brigands
  11 bullfrogs
  3 elf zombies (Ossuary)
  4 wyvern zombies
  2 deep troll simulacra (Swamp:2)
  A necrophage (D:7)
  A scorpion (D:5)
  3 wights (D:8)
  A troll zombie (D:11)
  5 electric eels
  10 howler monkeys
  4 bullfrog zombies
  2 centaur zombies (D:7)
  2 human zombies (Ossuary)
  A hound (D:6)
  A jelly (D:5)
  11 orc priests
  A gnoll bouda (D:8)
  2 bullfrog skeletons (D:6)
  Ijyb (D:3)
  3 iguanas (D:5)
  27 orc wizards
  5 hell rats (Lair:5)
  2 killer bee zombies (D:6)
  5 ogre zombies (D:11)
  A hound zombie (Ossuary)
  4 mummies
  2 howler monkey zombies
  Robin (D:3)
  6 adders
  3 gnolls (D:8)
  3 shadow imps
  2 white imps
  4 ufetubi
  4 adder zombies (Ossuary)
  4 dart slugs
  69 orcs
  4 ball pythons
  6 endoplasms
  3 giant cockroaches
  3 gnoll zombies (Ossuary)
  18 goblins
  9 hobgoblins
  3 jackals (D:3)
  3 quokkas
  4 bats
  3 frilled lizards (D:2)
  A goblin skeleton (D:11)
  8 goblin zombies
  5 hobgoblin zombies
  2 jackal zombies (Ossuary)
  32 kobolds
  5 kobold zombies
  15 orc zombies
  5 quokka zombies (Ossuary)
  4 rats
  2 rat zombies (Ossuary)
983 creatures vanquished.

Vanquished Creatures (others)
  A radroach (Spider:3)
  A jumping spider (Spider:1)
  A shadow (D:13)
  A wyvern (D:10)
  An orc warrior (Orc:1)
  A swamp drake (D:10)
  An orc priest (Orc:1)
  A bush (Lair:4)
  35 fungi
  73 plants
  2 withered plants (D:6)
118 creatures vanquished.

Grand Total: 1101 creatures vanquished

Notes
Turn   | Place    | Note
-------+----------+-------------------------------------------
     0 | D:1      | qw the Gargoyle Fighter began the quest for the Orb.
     0 | D:1      | Reached XP level 1. HP: 14/14 MP: 1/1
     0 | D:1      | 0 ||| qw: Version: 0.2-a-10-g399e6c4
     0 | D:1      | 0 ||| qw: Game counter: 140
     0 | D:1      | 0 ||| qw: Always use a shield: true
     0 | D:1      | 0 ||| qw: God list: Okawaru
     0 | D:1      | 0 ||| qw: Allow faded altars: false
     0 | D:1      | 0 ||| qw: Do Orc after D:15 true
     0 | D:1      | 0 ||| qw: Do second Lair branch before Depths: true
     0 | D:1      | 0 ||| qw: Lair rune preference: random
     0 | D:1      | 0 ||| qw: Plans: Normal, Zot:1-4, God:TSO, Crypt, Tomb,
                  | Pan, Slime:5, Hells, Abyss, Orb
     0 | D:1      | 0 ||| PLANNING D:1-11
    61 | D:1      | Reached skill level 2 in Axes
   133 | D:1      | Reached XP level 2. HP: 19/19 MP: 2/2
   578 | D:1      | Found a faded altar of an unknown god.
   582 | D:1      | 582 ||| READING scroll labelled ZYCHAH UHABESION.
   583 | D:1      | 583 ||| READING scroll labelled KOGUELALOW.
   584 | D:1      | 584 ||| READING scroll labelled OFYAPA KECKY.
   585 | D:1      | 585 ||| READING scroll labelled QYMUYKL JYIGIN.
   676 | D:2      | 676 ||| Stepping ~*~*~tactically~*~*~ (stealth).
   930 | D:2      | Reached skill level 3 in Axes
   954 | D:2      | Reached XP level 3. HP: 21/23 MP: 3/3
  1275 | D:2      | 1275 ||| UPGRADING to +0 plate armour.
  1285 | D:2      | 1285 ||| DROPPING +0 scale mail.
  1286 | D:2      | 1286 ||| UPGRADING to +6 ring of strength.
  1287 | D:2      | 1287 ||| DRINKING 2 bubbling white potions.
  1564 | D:3      | 1564 ||| Stepping ~*~*~tactically~*~*~ (stealth).
  1580 | D:3      | Reached XP level 4. HP: 28/28 MP: 4/4
  1720 | D:3      | Reached skill level 4 in Axes
  1756 | D:3      | Noticed Ijyb
  1757 | D:3      | 1757 ||| Stepping ~*~*~tactically~*~*~ (hiding).
  1779 | D:3      | Killed Ijyb
  1958 | D:3      | Found a hide-covered altar of Uskayaw.
  1958 | D:3      | Found a burning altar of Makhleb.
  1966 | D:3      | Found a sparkling altar of Nemelex Xobeh.
  1968 | D:3      | Found an ancient bone altar of Kikubaaqudgha.
  1970 | D:3      | Found a glowing golden altar of the Shining One.
  2183 | D:3      | 2183 ||| Stepping ~*~*~tactically~*~*~ (stealth).
  2185 | D:3      | 2185 ||| Stepping ~*~*~tactically~*~*~ (stealth).
  2204 | D:3      | 2204 ||| Stepping ~*~*~tactically~*~*~ (stealth).
  2207 | D:3      | Noticed Robin
  2208 | D:3      | 2208 ||| Stepping ~*~*~tactically~*~*~ (stealth).
  2210 | D:3      | 2210 ||| Stepping ~*~*~tactically~*~*~ (stealth).
  2215 | D:3      | 2215 ||| FLEEEEING.
  2221 | D:3      | Reached XP level 5. HP: 22/32 MP: 5/5
  2224 | D:3      | Killed Robin
  2227 | D:3      | HP: 6/32 [goblin/sling bullet (4)]
  2258 | D:3      | 2258 ||| Stepping ~*~*~tactically~*~*~ (stealth).
  2259 | D:3      | 2259 ||| Stepping ~*~*~tactically~*~*~ (stealth).
  2492 | D:3      | 2492 ||| DROPPING +0 whip.
  2640 | D:3      | 2640 ||| Stepping ~*~*~tactically~*~*~ (stealth).
  2982 | D:3      | 2982 ||| UPGRADING to +0 pair of boots.
  2987 | D:3      | 2987 ||| UPGRADING to +0 helmet.
  2992 | D:3      | 2992 ||| READING scroll labelled FOAGALL UGRE.
  3049 | D:3      | 3049 ||| READING scroll labelled FEFFEXEZEO.
  3050 | D:3      | 3050 ||| READING 2 scrolls labelled VUTHIAPEISM.
  3051 | D:3      | 3051 ||| READING 2 scrolls labelled GEOTZIZ QYEDULE.
  3056 | D:3      | 3056 ||| READING 2 scrolls labelled VEHOVV DYD OTA.
  3057 | D:3      | 3057 ||| READING scroll of enchant weapon.
  3057 | D:3      | 3057 ||| ENCHANTING +1 war axe.
  3058 | D:3      | 3058 ||| DRINKING 2 sapphire potions.
  3059 | D:3      | 3059 ||| DROPPING scroll of fear.
  3128 | D:4      | Reached skill level 5 in Axes
  3139 | D:4      | 3139 ||| Stepping ~*~*~tactically~*~*~ (hiding).
  3152 | D:4      | 3152 ||| FLEEEEING.
  3153 | D:4      | 3153 ||| FLEEEEING.
  3154 | D:4      | 3154 ||| FLEEEEING.
  3155 | D:4      | 3155 ||| FLEEEEING.
  3156 | D:4      | 3156 ||| FLEEEEING.
  3157 | D:4      | 3157 ||| FLEEEEING.
  3158 | D:4      | 3158 ||| FLEEEEING.
  3159 | D:4      | 3159 ||| FLEEEEING.
  3160 | D:4      | 3160 ||| FLEEEEING.
  3161 | D:4      | 3161 ||| FLEEEEING.
  3162 | D:4      | 3162 ||| FLEEEEING.
  3163 | D:4      | 3163 ||| FLEEEEING.
  3164 | D:4      | 3164 ||| FLEEEEING.
  3165 | D:4      | 3165 ||| FLEEEEING.
  3166 | D:4      | 3166 ||| FLEEEEING.
  3167 | D:4      | 3167 ||| FLEEEEING.
  3168 | D:4      | 3168 ||| FLEEEEING.
  3169 | D:4      | 3169 ||| STAIRDANCE
  3246 | D:4      | 3246 ||| STAIRDANCE
  3444 | D:4      | Found a snail-covered altar of Cheibriados.
  3674 | D:4      | Reached XP level 6. HP: 36/38 MP: 6/6
  4005 | D:4      | Noticed Pikel
  4006 | D:4      | 4006 ||| Stepping ~*~*~tactically~*~*~ (stealth).
  4008 | D:4      | 4008 ||| Stepping ~*~*~tactically~*~*~ (stealth).
  4011 | D:4      | 4011 ||| Stepping ~*~*~tactically~*~*~ (stealth).
  4071 | D:4      | 4071 ||| Stepping ~*~*~tactically~*~*~ (stealth).
  4072 | D:4      | 4072 ||| Stepping ~*~*~tactically~*~*~ (stealth).
  4073 | D:4      | 4073 ||| Stepping ~*~*~tactically~*~*~ (stealth).
  4087 | D:4      | HP: 8/38 [Pikel/+0 whip of freezing (3)]
  4088 | D:4      | 4088 ||| READING scroll of teleportation.
  4089 | D:4      | HP: 3/38 [lemure[Pikel] (1)]
  4090 | D:4      | Killed Pikel
  4091 | D:4      | Reached skill level 7 in Axes
  4091 | D:4      | Reached XP level 7. HP: 4/43 MP: 7/7
  4373 | D:4      | Found a faded altar of an unknown god.
  4407 | D:4      | Found a hazy altar of Hepliaklqana.
  4649 | D:4      | 4649 ||| Stepping ~*~*~tactically~*~*~ (stealth).
  4682 | D:4      | Reached skill level 1 in Dodging
  4682 | D:4      | Reached XP level 8. HP: 36/48 MP: 8/8
  4833 | D:4      | Found a shimmering altar of Xom.
  5131 | D:4      | 5131 ||| UPGRADING to +0 kite shield.
  5141 | D:4      | 5141 ||| DROPPING +0 buckler.
  5142 | D:4      | 5142 ||| READING scroll labelled OBRIHA OBRIUWE.
  5143 | D:4      | 5143 ||| READING scroll labelled GOMYNGEZXO.
  5215 | D:5      | Entered Level 5 of the Dungeon
  5224 | D:5      | 5224 ||| Stepping ~*~*~tactically~*~*~ (hiding).
  5336 | D:5      | Found a staircase to the Ecumenical Temple.
  5337 | D:5      | 5337 ||| PLANNING TEMPLE
  5345 | Temple   | Entered the Ecumenical Temple
  5358 | Temple   | 5358 ||| PLANNING D:1-11
  5684 | D:5      | Reached skill level 6 in Shields
  5762 | D:5      | Noticed Sigmund
  5771 | D:5      | Killed Sigmund
  5776 | D:5      | 5776 ||| FLEEEEING.
  6017 | D:5      | 6017 ||| DROPPING +2 vorpal flail.
  6073 | D:5      | Reached XP level 9. HP: 31/54 MP: 9/9
  6390 | D:5      | 6390 ||| READING 2 scrolls of identify.
  6390 | D:5      | 6390 ||| IDENTIFYING bubbling black potion
  6440 | D:6      | 6440 ||| PLANNING OSSUARY
  6453 | D:6      | Found a radiant altar of Vehumet.
  6464 | D:6      | Reached skill level 8 in Axes
  6631 | D:6      | Found a sand-covered staircase.
  6635 | D:6      | 6635 ||| UPGRADING to +0 cloak.
  6643 | Ossuary  | Entered an ossuary
  6941 | Ossuary  | Reached skill level 6 in Fighting
  6952 | Ossuary  | 6952 ||| Stepping ~*~*~tactically~*~*~ (stealth).
  7111 | Ossuary  | 7111 ||| READING scroll labelled MEGELEFR DUNO.
  7112 | Ossuary  | 7112 ||| DRINKING 2 golden potions.
  7112 | Ossuary  | Gained mutation: You have supernaturally acute eyesight.
                  | (SInv) [potion of mutation]
  7113 | Ossuary  | 7113 ||| DRINKING 3 fizzy sapphire potions.
  7124 | D:6      | 7124 ||| PLANNING D:1-11
  7218 | D:6      | Noticed a two-headed ogre
  7279 | D:6      | HP: 13/55 [electric eel/bolt of electricity (1)]
  7280 | D:6      | 7280 ||| READING scroll of teleportation.
  7283 | D:6      | 7283 ||| Stepping ~*~*~tactically~*~*~ (water).
  7283 | D:6      | HP: 5/55 [bullfrog zombie (5)]
  7820 | D:6      | 7820 ||| READING scroll of enchant weapon.
  7820 | D:6      | 7820 ||| ENCHANTING +2 war axe.
  7941 | D:6      | Reached skill level 9 in Axes
  7993 | D:6      | 7993 ||| DROPPING scarf of harm.
  7994 | D:6      | 7994 ||| UPGRADING to +4 ring of evasion.
  8060 | D:7      | Found a basalt altar of Yredelemnul.
  8072 | D:7      | Reached skill level 6 in Armour
  8107 | D:7      | Reached XP level 10. HP: 49/61 MP: 10/10
  8205 | D:7      | Found an opulent altar of Gozag.
  8301 | D:7      | 8301 ||| Stepping ~*~*~tactically~*~*~ (stealth).
  8351 | D:7      | Found a bloodstained altar of Trog.
  8406 | D:7      | 8406 ||| Stepping ~*~*~tactically~*~*~ (stealth).
  8407 | D:7      | 8407 ||| Stepping ~*~*~tactically~*~*~ (stealth).
  8408 | D:7      | 8408 ||| Stepping ~*~*~tactically~*~*~ (stealth).
  8486 | D:7      | 8486 ||| Stepping ~*~*~tactically~*~*~ (stealth).
  8487 | D:7      | 8487 ||| Stepping ~*~*~tactically~*~*~ (stealth).
  8489 | D:7      | 8489 ||| Stepping ~*~*~tactically~*~*~ (cloud).
  8490 | D:7      | 8490 ||| Stepping ~*~*~tactically~*~*~ (cloud).
  8495 | D:7      | 8495 ||| Stepping ~*~*~tactically~*~*~ (stealth).
  8499 | D:7      | 8499 ||| Stepping ~*~*~tactically~*~*~ (stealth).
  8500 | D:7      | 8500 ||| Stepping ~*~*~tactically~*~*~ (hiding).
  8501 | D:7      | 8501 ||| Stepping ~*~*~tactically~*~*~ (hiding).
  8511 | D:7      | Reached skill level 9 in Shields
  8806 | D:7      | Noticed Menkaure
  8807 | D:7      | 8807 ||| Stepping ~*~*~tactically~*~*~ (hiding).
  8820 | D:7      | Killed Menkaure
  8821 | D:7      | Reached skill level 1 in Throwing
  8927 | D:7      | Found an iron altar of Okawaru.
  8928 | D:7      | 8928 ||| PLANNING OKAWARU WORSHIP
  8935 | D:7      | Became a worshipper of Warmaster Okawaru
  8936 | D:7      | 8936 ||| PLANNING D:1-11
  9003 | D:8      | Noticed Maurice
  9032 | D:8      | Killed Maurice
  9060 | D:8      | 9060 ||| FLEEEEING.
  9061 | D:8      | 9061 ||| FLEEEEING.
  9062 | D:8      | 9062 ||| FLEEEEING.
  9063 | D:8      | 9063 ||| STAIRDANCE
  9252 | D:8      | Found a shadowy altar of Dithmenos.
  9300 | D:8      | Noticed Gastronok
  9301 | D:8      | 9301 ||| Stepping ~*~*~tactically~*~*~ (hiding).
  9305 | D:8      | 9305 ||| Stepping ~*~*~tactically~*~*~ (hiding).
  9315 | D:8      | HP: 9/63 [Gastronok (24)]
  9318 | D:8      | Killed Gastronok
  9318 | D:8      | Reached * piety under Okawaru
  9318 | D:8      | Reached ** piety under Okawaru
  9319 | D:8      | Reached skill level 10 in Axes
  9319 | D:8      | 9319 ||| INVOKING Heroism.
  9328 | D:8      | Reached skill level 1 in Invocations
  9576 | D:8      | 9576 ||| Stepping ~*~*~tactically~*~*~ (stealth).
  9581 | D:8      | 9581 ||| Stepping ~*~*~tactically~*~*~ (stealth).
  9585 | D:8      | 9585 ||| DROPPING +0 club.
  9755 | D:8      | 9755 ||| DROPPING +2 flail of freezing.
  9792 | D:8      | 9792 ||| Stepping ~*~*~tactically~*~*~ (stealth).
  9825 | D:8      | Reached skill level 3 in Invocations
  9825 | D:8      | Reached XP level 11. HP: 60/67 MP: 13/13
  9832 | D:8      | Reached *** piety under Okawaru
 10051 | D:8      | 10051 ||| Stepping ~*~*~tactically~*~*~ (stealth).
 10052 | D:8      | 10052 ||| Stepping ~*~*~tactically~*~*~ (stealth).
 10080 | D:8      | 10080 ||| Stepping ~*~*~tactically~*~*~ (hiding).
 10084 | D:8      | 10084 ||| Stepping ~*~*~tactically~*~*~ (hiding).
 10090 | D:8      | 10090 ||| DRINKING 2 potions of curing.
 10090 | D:8      | 10090 ||| (to cure confusion)
 10091 | D:8      | 10091 ||| INVOKING Heroism.
 10100 | D:8      | 10100 ||| Stepping ~*~*~tactically~*~*~ (stealth).
 10101 | D:8      | 10101 ||| Stepping ~*~*~tactically~*~*~ (stealth).
 10109 | D:8      | 10109 ||| Stepping ~*~*~tactically~*~*~ (stealth).
 10210 | D:8      | 10210 ||| INVOKING Heroism.
 10379 | D:8      | 10379 ||| UPGRADING to +0 pair of gloves.
 10384 | D:8      | 10384 ||| UPGRADING to +2 pair of gloves.
 10394 | D:8      | 10394 ||| DROPPING +0 pair of gloves.
 10395 | D:8      | 10395 ||| UPGRADING to +2 pair of boots.
 10405 | D:8      | 10405 ||| DROPPING +0 pair of boots.
 10406 | D:8      | 10406 ||| READING scroll labelled QURISU YMOTH.
 10407 | D:8      | 10407 ||| READING scroll labelled ROZEH QAIT.
 10408 | D:8      | 10408 ||| READING 5 scrolls of identify.
 10408 | D:8      | 10408 ||| IDENTIFYING fizzy purple potion
 10409 | D:8      | 10409 ||| READING 4 scrolls of identify.
 10409 | D:8      | 10409 ||| IDENTIFYING yellow potion
 10410 | D:8      | 10410 ||| READING 3 scrolls of identify.
 10410 | D:8      | 10410 ||| IDENTIFYING puce potion
 10411 | D:8      | 10411 ||| READING 2 scrolls of identify.
 10411 | D:8      | 10411 ||| IDENTIFYING smoky coppery potion
 10412 | D:8      | 10412 ||| DROPPING potion of flight.
 10413 | D:8      | 10413 ||| DROPPING potion of brilliance.
 10414 | D:8      | 10414 ||| DROPPING potion of degeneration.
 10452 | D:9      | 10452 ||| Stepping ~*~*~tactically~*~*~ (stealth).
 10454 | D:9      | 10454 ||| Stepping ~*~*~tactically~*~*~ (hiding).
 10456 | D:9      | 10456 ||| INVOKING Heroism.
 10539 | D:9      | Noticed a two-headed ogre
 10540 | D:9      | 10540 ||| INVOKING Heroism.
 10546 | D:9      | Killed a two-headed ogre
 10679 | D:9      | Noticed Amaemon
 10680 | D:9      | 10680 ||| INVOKING Heroism.
 10688 | D:9      | Killed Amaemon
 10688 | D:9      | Received a gift from Okawaru
 10854 | D:9      | Noticed a two-headed ogre
 10855 | D:9      | 10855 ||| INVOKING Heroism.
 10865 | D:9      | Killed a two-headed ogre
 10865 | D:9      | Reached **** piety under Okawaru
 11009 | D:9      | Reached skill level 11 in Axes
 11156 | D:9      | 11156 ||| DROPPING amulet of magic regeneration.
 11157 | D:9      | 11157 ||| READING 2 scrolls of identify.
 11157 | D:9      | 11157 ||| IDENTIFYING fizzy white potion
 11174 | D:10     | Entered Level 10 of the Dungeon
 11230 | D:10     | 11230 ||| INVOKING Heroism.
 11231 | D:10     | 11231 ||| Stepping ~*~*~tactically~*~*~ (stealth).
 11238 | D:10     | 11238 ||| Stepping ~*~*~tactically~*~*~ (stealth).
 11315 | D:10     | 11315 ||| Stepping ~*~*~tactically~*~*~ (stealth).
 11391 | D:10     | Noticed a centaur warrior
 11392 | D:10     | 11392 ||| INVOKING Heroism.
 11392 | D:10     | Noticed a wolf spider
 11392 | D:10     | Noticed a manticore
 11393 | D:10     | Noticed a centaur warrior
 11395 | D:10     | Noticed an orc knight
 11396 | D:10     | Noticed an eight-headed hydra
 11400 | D:10     | Killed a centaur warrior
 11402 | D:10     | HP: 17/69 [wolf spider (2)]
 11403 | D:10     | 11403 ||| READING 3 scrolls of teleportation.
 11404 | D:10     | 11404 ||| DRINKING potion of heal wounds.
 11406 | D:10     | Killed a wolf spider
 11436 | D:10     | 11436 ||| FLEEEEING.
 11439 | D:10     | 11439 ||| STAIRDANCE
 11553 | D:10     | 11553 ||| INVOKING Heroism.
 11673 | D:10     | 11673 ||| Stepping ~*~*~tactically~*~*~ (hiding).
 11684 | D:10     | 11684 ||| INVOKING Heroism.
 11692 | D:10     | Reached skill level 3 in Throwing
 11701 | D:10     | Reached skill level 6 in Invocations
 11709 | D:10     | Found a staircase to the Lair.
 11812 | D:10     | 11812 ||| INVOKING Heroism.
 11815 | D:10     | 11815 ||| SWAPPING to +0 morningstar.
 11821 | D:10     | Killed an eight-headed hydra
 11822 | D:10     | 11822 ||| SWAPPING to +3 war axe.
 11892 | D:10     | Found a stormy altar of Qazlal.
 11905 | D:10     | Noticed a dire elephant
 11905 | D:10     | Noticed a green ugly thing
 11906 | D:10     | 11906 ||| INVOKING Heroism.
 11920 | D:10     | Killed a dire elephant
 11921 | D:10     | Reached XP level 12. HP: 41/75 MP: 14/17
 11925 | D:10     | Reached ***** piety under Okawaru
 11947 | D:10     | 11947 ||| FLEEEEING.
 11948 | D:10     | 11948 ||| FLEEEEING.
 11949 | D:10     | 11949 ||| FLEEEEING.
 11950 | D:10     | 11950 ||| FLEEEEING.
 11951 | D:10     | 11951 ||| FLEEEEING.
 12008 | D:10     | 12008 ||| FLEEEEING.
 12009 | D:10     | 12009 ||| FLEEEEING.
 12010 | D:10     | 12010 ||| FLEEEEING.
 12011 | D:10     | 12011 ||| FLEEEEING.
 12310 | D:10     | 12310 ||| INVOKING Heroism.
 12311 | D:10     | 12311 ||| DRINKING 5 potions of curing.
 12311 | D:10     | 12311 ||| (to cure confusion)
 12403 | D:10     | 12403 ||| Stepping ~*~*~tactically~*~*~ (stealth).
 12412 | D:10     | 12412 ||| Stepping ~*~*~tactically~*~*~ (stealth).
 12414 | D:10     | 12414 ||| Stepping ~*~*~tactically~*~*~ (stealth).
 12510 | D:10     | 12510 ||| INVOKING Heroism.
 12515 | D:10     | Killed a centaur warrior
 12565 | D:10     | 12565 ||| Stepping ~*~*~tactically~*~*~ (stealth).
 12575 | D:10     | 12575 ||| Stepping ~*~*~tactically~*~*~ (stealth).
 12594 | D:10     | 12594 ||| INVOKING Heroism.
 12644 | D:10     | Reached skill level 9 in Fighting
 12795 | D:10     | 12795 ||| INVOKING Heroism.
 13016 | D:10     | 13016 ||| PLANNING LAIR
 13016 | D:10     | 13016 ||| READING 2 scrolls labelled ASSEEGG QOIFIB.
 13017 | D:10     | 13017 ||| DROPPING scroll of magic mapping.
 13108 | Lair:1   | Entered Level 1 of the Lair of Beasts
 13110 | Lair:1   | 13110 ||| Stepping ~*~*~tactically~*~*~ (stealth).
 13113 | Lair:1   | 13113 ||| Stepping ~*~*~tactically~*~*~ (stealth).
 13536 | Lair:1   | 13536 ||| INVOKING Heroism.
 13771 | Lair:1   | 13771 ||| Stepping ~*~*~tactically~*~*~ (stealth).
 13773 | Lair:1   | 13773 ||| INVOKING Heroism.
 13778 | Lair:1   | 13778 ||| Stepping ~*~*~tactically~*~*~ (stealth).
 13781 | Lair:1   | 13781 ||| Stepping ~*~*~tactically~*~*~ (stealth).
 13783 | Lair:1   | 13783 ||| Stepping ~*~*~tactically~*~*~ (stealth).
 13790 | Lair:1   | 13790 ||| Stepping ~*~*~tactically~*~*~ (stealth).
 13792 | Lair:1   | 13792 ||| INVOKING Heroism.
 13824 | Lair:1   | 13824 ||| INVOKING Heroism.
 13828 | Lair:1   | Reached skill level 9 in Armour
 13828 | Lair:1   | Reached skill level 9 in Invocations
 13837 | Lair:1   | Identified the +4 battleaxe "Vaicic" {venom, rF+ Str-2
                  | Dex+4} (Okawaru gifted it to you on level 1 of the Lair of
                  | Beasts)
 13837 | Lair:1   | Received a gift from Okawaru
 14256 | Lair:1   | 14256 ||| READING scroll labelled CUSENT UZEXT.
 14257 | Lair:1   | 14257 ||| DRINKING 3 inky potions.
 14358 | Lair:1   | 14358 ||| READING 2 scrolls of identify.
 14358 | Lair:1   | 14358 ||| IDENTIFYING amethyst potion
 14359 | Lair:1   | 14359 ||| DROPPING 2 potions of ambrosia.
 14360 | Lair:1   | 14360 ||| DROPPING potion of invisibility.
 14376 | Lair:2   | 14376 ||| INVOKING Heroism.
 14413 | Lair:2   | 14413 ||| Stepping ~*~*~tactically~*~*~ (hiding).
 14418 | Lair:2   | 14418 ||| INVOKING Heroism.
 14569 | Lair:2   | 14569 ||| INVOKING Heroism.
 14570 | Lair:2   | 14570 ||| Stepping ~*~*~tactically~*~*~ (stealth).
 14572 | Lair:2   | 14572 ||| Stepping ~*~*~tactically~*~*~ (stealth).
 14644 | Lair:2   | 14644 ||| Stepping ~*~*~tactically~*~*~ (stealth).
 14645 | Lair:2   | 14645 ||| Stepping ~*~*~tactically~*~*~ (stealth).
 14656 | Lair:2   | Reached skill level 12 in Axes
 14657 | Lair:2   | Reached XP level 13. HP: 80/80 MP: 20/20
 14712 | Lair:2   | Found a hole to the Spider Nest.
 14720 | Lair:2   | Received a gift from Okawaru
 14813 | Lair:2   | 14813 ||| INVOKING Heroism.
 14872 | Lair:2   | 14872 ||| INVOKING Heroism.
 14895 | Lair:2   | Noticed Sonja
 14896 | Lair:2   | 14896 ||| INVOKING Finesse.
 14925 | Lair:2   | Killed Sonja
 15076 | Lair:2   | Found a dark tunnel.
 15264 | Lair:2   | 15264 ||| DRINKING 2 sedimented blue potions.
 15368 | Lair:2   | 15368 ||| DROPPING potion of berserk rage.
 15395 | Lair:3   | 15395 ||| Stepping ~*~*~tactically~*~*~ (stealth).
 15396 | Lair:3   | 15396 ||| Stepping ~*~*~tactically~*~*~ (stealth).
 15397 | Lair:3   | 15397 ||| INVOKING Heroism.
 15398 | Lair:3   | 15398 ||| INVOKING Finesse.
 15410 | Lair:3   | Identified the +6 plate armour of the Stone Wall {rElec
                  | Dex+2} (Okawaru gifted it to you on level 3 of the Lair of
                  | Beasts)
 15410 | Lair:3   | Received a gift from Okawaru
 15605 | Lair:3   | 15605 ||| INVOKING Heroism.
 15608 | Lair:3   | Reached skill level 13 in Axes
 15678 | Lair:3   | 15678 ||| Stepping ~*~*~tactically~*~*~ (stealth).
 15680 | Lair:3   | 15680 ||| INVOKING Heroism.
 15681 | Lair:3   | 15681 ||| Stepping ~*~*~tactically~*~*~ (stealth).
 15682 | Lair:3   | 15682 ||| SWAPPING to +0 morningstar.
 15683 | Lair:3   | 15683 ||| INVOKING Finesse.
 15689 | Lair:3   | 15689 ||| SWAPPING to +3 vorpal war axe.
 15717 | Lair:3   | 15717 ||| INVOKING Heroism.
 15723 | Lair:3   | 15723 ||| INVOKING Finesse.
 15813 | Lair:3   | 15813 ||| FLEEEEING.
 15814 | Lair:3   | 15814 ||| FLEEEEING.
 15815 | Lair:3   | 15815 ||| FLEEEEING.
 15816 | Lair:3   | 15816 ||| FLEEEEING.
 15817 | Lair:3   | 15817 ||| FLEEEEING.
 15818 | Lair:3   | 15818 ||| FLEEEEING.
 15819 | Lair:3   | 15819 ||| FLEEEEING.
 15820 | Lair:3   | 15820 ||| FLEEEEING.
 15821 | Lair:3   | 15821 ||| FLEEEEING.
 15822 | Lair:3   | 15822 ||| FLEEEEING.
 15823 | Lair:3   | 15823 ||| FLEEEEING.
 15824 | Lair:3   | 15824 ||| FLEEEEING.
 15825 | Lair:3   | 15825 ||| FLEEEEING.
 15826 | Lair:3   | 15826 ||| FLEEEEING.
 15827 | Lair:3   | 15827 ||| FLEEEEING.
 15828 | Lair:3   | 15828 ||| FLEEEEING.
 15829 | Lair:3   | 15829 ||| FLEEEEING.
 15830 | Lair:3   | 15830 ||| FLEEEEING.
 15831 | Lair:3   | 15831 ||| FLEEEEING.
 15832 | Lair:3   | 15832 ||| FLEEEEING.
 15833 | Lair:3   | 15833 ||| FLEEEEING.
 15834 | Lair:3   | 15834 ||| FLEEEEING.
 15835 | Lair:3   | 15835 ||| FLEEEEING.
 15836 | Lair:3   | 15836 ||| FLEEEEING.
 15837 | Lair:3   | 15837 ||| FLEEEEING.
 15838 | Lair:3   | 15838 ||| FLEEEEING.
 15839 | Lair:3   | 15839 ||| FLEEEEING.
 15840 | Lair:3   | 15840 ||| FLEEEEING.
 15841 | Lair:3   | 15841 ||| STAIRDANCE
 15940 | Lair:2   | 15940 ||| UPGRADING to +6 plate armour of the Stone Wall
                  | {rElec Dex+2}.
 15950 | Lair:2   | 15950 ||| DROPPING +0 plate armour.
 15953 | Lair:3   | 15953 ||| INVOKING Heroism.
 15954 | Lair:3   | 15954 ||| SWAPPING to +0 morningstar.
 15955 | Lair:3   | 15955 ||| INVOKING Finesse.
 15965 | Lair:3   | 15965 ||| SWAPPING to +3 vorpal war axe.
 16076 | Lair:3   | 16076 ||| Stepping ~*~*~tactically~*~*~ (hiding).
 16125 | Lair:3   | 16125 ||| INVOKING Heroism.
 16154 | Lair:3   | 16154 ||| INVOKING Heroism.
 16164 | Lair:3   | Reached skill level 3 in Dodging
 16207 | Lair:3   | 16207 ||| INVOKING Heroism.
 16313 | Lair:3   | 16313 ||| INVOKING Heroism.
 16316 | Lair:3   | 16316 ||| Stepping ~*~*~tactically~*~*~ (stealth).
 16317 | Lair:3   | 16317 ||| Stepping ~*~*~tactically~*~*~ (stealth).
 16328 | Lair:3   | 16328 ||| Stepping ~*~*~tactically~*~*~ (hiding).
 16331 | Lair:3   | 16331 ||| INVOKING Finesse.
 16596 | Lair:3   | 16596 ||| Stepping ~*~*~tactically~*~*~ (stealth).
 16599 | Lair:3   | 16599 ||| Stepping ~*~*~tactically~*~*~ (hiding).
 16600 | Lair:3   | 16600 ||| Stepping ~*~*~tactically~*~*~ (hiding).
 16603 | Lair:3   | 16603 ||| INVOKING Heroism.
 16848 | Lair:3   | Found a staircase to the Swamp.
 17079 | Lair:4   | Gained mutation: Your large and strong wings let you fly.
                  | [Gargoyle growth]
 17079 | Lair:4   | Reached XP level 14. HP: 88/88 MP: 21/21
 17430 | Lair:4   | Found a blossoming altar of Fedhas.
 17443 | Lair:4   | 17443 ||| INVOKING Heroism.
 17444 | Lair:4   | 17444 ||| INVOKING Finesse.
 17462 | Lair:4   | Reached skill level 14 in Axes
 17521 | Lair:4   | 17521 ||| INVOKING Heroism.
 17522 | Lair:4   | 17522 ||| INVOKING Finesse.
 18058 | Lair:5   | Entered Level 5 of the Lair of Beasts
 18068 | Lair:5   | 18068 ||| INVOKING Heroism.
 18069 | Lair:5   | 18069 ||| INVOKING Finesse.
 18086 | Lair:5   | 18086 ||| Stepping ~*~*~tactically~*~*~ (stealth).
 18147 | Lair:5   | 18147 ||| Stepping ~*~*~tactically~*~*~ (stealth).
 18149 | Lair:5   | 18149 ||| Stepping ~*~*~tactically~*~*~ (stealth).
 18150 | Lair:5   | 18150 ||| Stepping ~*~*~tactically~*~*~ (stealth).
 18151 | Lair:5   | 18151 ||| Stepping ~*~*~tactically~*~*~ (stealth).
 18159 | Lair:5   | 18159 ||| INVOKING Heroism.
 18166 | Lair:5   | 18166 ||| Stepping ~*~*~tactically~*~*~ (stealth).
 18196 | Lair:5   | Received a gift from Okawaru
 18197 | Lair:5   | 18197 ||| Stepping ~*~*~tactically~*~*~ (stealth).
 18199 | Lair:5   | 18199 ||| Stepping ~*~*~tactically~*~*~ (stealth).
 18200 | Lair:5   | 18200 ||| Stepping ~*~*~tactically~*~*~ (stealth).
 18203 | Lair:5   | 18203 ||| Stepping ~*~*~tactically~*~*~ (stealth).
 18212 | Lair:5   | 18212 ||| FLEEEEING.
 18213 | Lair:5   | 18213 ||| FLEEEEING.
 18215 | Lair:5   | 18215 ||| FLEEEEING.
 18216 | Lair:5   | 18216 ||| FLEEEEING.
 18217 | Lair:5   | 18217 ||| FLEEEEING.
 18218 | Lair:5   | 18218 ||| FLEEEEING.
 18219 | Lair:5   | 18219 ||| STAIRDANCE
 18309 | Lair:5   | 18309 ||| STAIRDANCE
 18343 | Lair:5   | 18343 ||| STAIRDANCE
 18392 | Lair:5   | 18392 ||| INVOKING Heroism.
 18510 | Lair:5   | Reached skill level 12 in Shields
 18528 | Lair:5   | 18528 ||| INVOKING Heroism.
 18701 | Lair:5   | 18701 ||| INVOKING Heroism.
 18734 | Lair:5   | 18734 ||| Stepping ~*~*~tactically~*~*~ (hiding).
 18750 | Lair:5   | 18750 ||| INVOKING Heroism.
 18975 | Lair:5   | 18975 ||| Stepping ~*~*~tactically~*~*~ (stealth).
 18985 | Lair:5   | 18985 ||| INVOKING Heroism.
 18990 | Lair:5   | 18990 ||| Stepping ~*~*~tactically~*~*~ (stealth).
 19043 | Lair:5   | 19043 ||| INVOKING Heroism.
 19205 | Lair:5   | Found a corrupted altar of Lugonu.
 19205 | Lair:5   | Found a one-way gate to the infinite horrors of the Abyss.
 19249 | Lair:5   | 19249 ||| Stepping ~*~*~tactically~*~*~ (hiding).
 19251 | Lair:5   | 19251 ||| Stepping ~*~*~tactically~*~*~ (hiding).
 19254 | Lair:5   | 19254 ||| INVOKING Heroism.
 19276 | Lair:5   | 19276 ||| Stepping ~*~*~tactically~*~*~ (stealth).
 19301 | Lair:5   | 19301 ||| Stepping ~*~*~tactically~*~*~ (stealth).
 19335 | Lair:5   | 19335 ||| INVOKING Heroism.
 19340 | Lair:5   | 19340 ||| Stepping ~*~*~tactically~*~*~ (stealth).
 19377 | Lair:5   | 19377 ||| Stepping ~*~*~tactically~*~*~ (stealth).
 19398 | Lair:5   | 19398 ||| FLEEEEING.
 19399 | Lair:5   | 19399 ||| FLEEEEING.
 19608 | Lair:5   | 19608 ||| Stepping ~*~*~tactically~*~*~ (stealth).
 19614 | Lair:5   | 19614 ||| INVOKING Heroism.
 19742 | Lair:5   | 19742 ||| INVOKING Heroism.
 19753 | Lair:5   | 19753 ||| INVOKING Finesse.
 19770 | Lair:5   | 19770 ||| SWAPPING to +0 morningstar.
 19781 | Lair:5   | Received a gift from Okawaru
 19782 | Lair:5   | Reached skill level 15 in Axes
 19782 | Lair:5   | 19782 ||| SWAPPING to +3 vorpal war axe.
 19853 | Lair:5   | Found a viscous altar of Jiyva.
 19853 | Lair:5   | Found a staircase to the Slime Pits.
 19902 | Lair:5   | Identified the ring of Juos {rC++ MP+9 Str+4}
 20093 | Lair:5   | Identified the amulet "Lopasefe" {Faith rElec Will- rCorr}
 20133 | Lair:5   | 20133 ||| INVOKING Heroism.
 20445 | Lair:5   | 20445 ||| PLANNING D:1-11
 20445 | Lair:5   | 20445 ||| UPGRADING to ring of Juos {rC++ MP+9 Str+4}.
 20488 | Lair:5   | 20488 ||| READING scroll labelled POECEKKAANN.
 20488 | Lair:5   | Identified a scroll of acquirement
 20488 | Lair:5   | 20488 ||| ACQUIRING 1037 gold pieces
 20488 | Lair:5   | Acquired 1037 gold pieces
 20763 | D:11     | Found Qogi's Magic Scroll Emporium.
 20782 | D:11     | Found Xoediw's Assorted Antiques.
 20783 | D:11     | 20783 ||| Stepping ~*~*~tactically~*~*~ (hiding).
 20876 | D:11     | 20876 ||| BUYING scroll of brand weapon (142 gold).
 20876 | D:11     | Bought a scroll of brand weapon for 142 gold pieces
 20876 | D:11     | 20876 ||| BUYING scroll of enchant armour (112 gold).
 20876 | D:11     | Bought a scroll of enchant armour for 112 gold pieces
 20876 | D:11     | 20876 ||| BUYING scroll of enchant weapon (112 gold).
 20876 | D:11     | Bought a scroll of enchant weapon for 112 gold pieces
 20876 | D:11     | 20876 ||| BUYING scroll of identify (30 gold).
 20876 | D:11     | Bought a scroll of identify for 30 gold pieces
 20876 | D:11     | 20876 ||| BUYING scroll of identify (30 gold).
 20876 | D:11     | Bought a scroll of identify for 30 gold pieces
 20876 | D:11     | 20876 ||| BUYING scroll of identify (30 gold).
 20876 | D:11     | Bought a scroll of identify for 30 gold pieces
 20876 | D:11     | 20876 ||| BUYING scroll of identify (30 gold).
 20876 | D:11     | Bought a scroll of identify for 30 gold pieces
 20876 | D:11     | 20876 ||| BUYING scroll of teleportation (45 gold).
 20876 | D:11     | Bought a scroll of teleportation for 45 gold pieces
 20876 | D:11     | 20876 ||| READING scroll of brand weapon.
 20876 | D:11     | 20876 ||| BRANDING +3 vorpal war axe.
 20877 | D:11     | 20877 ||| DROPPING +0 morningstar.
 20878 | D:11     | 20878 ||| READING scroll of enchant armour.
 20878 | D:11     | 20878 ||| ENCHANTING +0 helmet.
 20879 | D:11     | 20879 ||| READING scroll of enchant weapon.
 20879 | D:11     | 20879 ||| ENCHANTING +3 war axe of flaming.
 20887 | D:11     | 20887 ||| BUYING scroll of enchant armour (187 gold).
 20887 | D:11     | Bought a scroll of enchant armour for 187 gold pieces
 20887 | D:11     | 20887 ||| BUYING scroll of identify (50 gold).
 20887 | D:11     | Bought a scroll of identify for 50 gold pieces
 20887 | D:11     | 20887 ||| READING scroll of enchant armour.
 20887 | D:11     | 20887 ||| ENCHANTING +1 helmet.
 20950 | D:11     | 20950 ||| Stepping ~*~*~tactically~*~*~ (stealth).
 20960 | D:11     | Reached XP level 15. HP: 95/95 MP: 22/22
 20984 | D:11     | 20984 ||| INVOKING Heroism.
 20985 | D:11     | 20985 ||| Stepping ~*~*~tactically~*~*~ (hiding).
 21002 | D:11     | 21002 ||| Stepping ~*~*~tactically~*~*~ (stealth).
 21010 | D:11     | 21010 ||| Stepping ~*~*~tactically~*~*~ (stealth).
 21036 | D:11     | 21036 ||| Stepping ~*~*~tactically~*~*~ (stealth).
 21037 | D:11     | 21037 ||| Stepping ~*~*~tactically~*~*~ (stealth).
 21039 | D:11     | Found a staircase to the Orcish Mines.
 21041 | D:11     | 21041 ||| INVOKING Heroism.
 21113 | D:11     | 21113 ||| Stepping ~*~*~tactically~*~*~ (stealth).
 21151 | D:11     | 21151 ||| Stepping ~*~*~tactically~*~*~ (stealth).
 21154 | D:11     | 21154 ||| Stepping ~*~*~tactically~*~*~ (stealth).
 21168 | D:11     | 21168 ||| Stepping ~*~*~tactically~*~*~ (stealth).
 21169 | D:11     | 21169 ||| Stepping ~*~*~tactically~*~*~ (stealth).
 21186 | D:11     | Found Efuf's Jewellery Boutique.
 21194 | D:11     | 21194 ||| BUYING +4 ring of evasion (540 gold).
 21194 | D:11     | Bought a +4 ring of evasion for 540 gold pieces
 21194 | D:11     | 21194 ||| SHOPLISTING ring "Ilioh" {+Blink rF+ EV+4} (855
                  | gold, have 737).
 21194 | D:11     | 21194 ||| BUYING ring of fire (375 gold).
 21194 | D:11     | Bought a ring of fire for 375 gold pieces
 21244 | D:11     | Found Zos Jiju's Antique Weapon Shoppe.
 21319 | D:11     | Found Ysato's Weapon Emporium.
 21666 | D:11     | 21666 ||| PLANNING D
 21666 | D:11     | 21666 ||| DROPPING +6 ring of strength.
 21763 | D:12     | 21763 ||| READING scroll of enchant armour.
 21763 | D:12     | 21763 ||| ENCHANTING +0 cloak.
 21949 | D:12     | Noticed Erolcha
 21950 | D:12     | 21950 ||| FLEEEEING.
 21951 | D:12     | 21951 ||| FLEEEEING.
 21952 | D:12     | 21952 ||| FLEEEEING.
 21953 | D:12     | 21953 ||| FLEEEEING.
 21954 | D:12     | 21954 ||| FLEEEEING.
 21955 | D:12     | 21955 ||| FLEEEEING.
 21959 | D:12     | 21959 ||| FLEEEEING.
 21960 | D:12     | 21960 ||| FLEEEEING.
 21961 | D:12     | 21961 ||| FLEEEEING.
 21962 | D:12     | 21962 ||| FLEEEEING.
 21963 | D:12     | 21963 ||| FLEEEEING.
 21964 | D:12     | 21964 ||| FLEEEEING.
 21965 | D:12     | 21965 ||| FLEEEEING.
 21966 | D:12     | 21966 ||| FLEEEEING.
 21967 | D:12     | 21967 ||| FLEEEEING.
 21968 | D:12     | 21968 ||| FLEEEEING.
 21969 | D:12     | 21969 ||| FLEEEEING.
 21970 | D:12     | 21970 ||| FLEEEEING.
 21971 | D:12     | 21971 ||| FLEEEEING.
 21972 | D:12     | 21972 ||| FLEEEEING.
 21973 | D:12     | 21973 ||| FLEEEEING.
 21974 | D:12     | 21974 ||| FLEEEEING.
 21975 | D:12     | 21975 ||| FLEEEEING.
 21976 | D:12     | 21976 ||| FLEEEEING.
 21977 | D:12     | 21977 ||| FLEEEEING.
 21978 | D:12     | 21978 ||| FLEEEEING.
 21979 | D:12     | 21979 ||| FLEEEEING.
 21980 | D:12     | 21980 ||| FLEEEEING.
 21981 | D:12     | 21981 ||| STAIRDANCE
 22033 | D:12     | Killed Erolcha
 22034 | D:12     | Reached skill level 12 in Fighting
 22061 | D:12     | 22061 ||| READING scroll of enchant weapon.
 22061 | D:12     | 22061 ||| ENCHANTING +4 war axe of flaming.
 22130 | D:13     | 22130 ||| PLANNING GAUNTLET
 22192 | D:13     | 22192 ||| INVOKING Heroism.
 22402 | D:13     | Noticed Urug
 22403 | D:13     | 22403 ||| INVOKING Heroism.
 22406 | D:13     | 22406 ||| INVOKING Finesse.
 22412 | D:13     | Killed Urug
 22478 | D:13     | Found a gate leading to a gauntlet.
 22482 | Gauntlet | Entered a Gauntlet
 22482 | Gauntlet | Found a large runed translucent door.
 22482 | Gauntlet | Found a large runed translucent door.
 22482 | Gauntlet | Found a large runed translucent door.
 22482 | Gauntlet | Found a large runed translucent door.
 22482 | Gauntlet | Found a large runed translucent door.
 22482 | Gauntlet | Found a large runed translucent door.
 22482 | Gauntlet | Found a runed translucent door.
 22482 | Gauntlet | Found a transporter.
 22482 | Gauntlet | Found a transporter.
 22482 | Gauntlet | Found a runed translucent door.
 22482 | Gauntlet | Found a large runed translucent door.
 22482 | Gauntlet | Found a large runed translucent door.
 22482 | Gauntlet | Found a large runed translucent door.
 22482 | Gauntlet | Found a large runed translucent door.
 22482 | Gauntlet | Found a large runed translucent door.
 22482 | Gauntlet | Found a large runed translucent door.
 22486 | Gauntlet | Found a transporter.
 22486 | Gauntlet | Found a transporter.
 22490 | Gauntlet | Found a large runed translucent door.
 22490 | Gauntlet | Found a large runed translucent door.
 22496 | Gauntlet | Found a transporter.
 22506 | Gauntlet | Found a transporter.
 22506 | Gauntlet | Found a transporter.
 22530 | Gauntlet | Found a transporter.
 22537 | Gauntlet | Found a transporter.
 22583 | Gauntlet | Found a runed translucent gate.
 22583 | Gauntlet | Found a runed translucent gate.
 22583 | Gauntlet | Found a runed translucent gate.
 22585 | Gauntlet | Found a transporter.
 22597 | Gauntlet | Found a large runed translucent door.
 22598 | Gauntlet | Found a large runed translucent door.
 22625 | Gauntlet | Found a transporter.
 22643 | Gauntlet | Found a transporter.
 22655 | Gauntlet | Found a transporter.
 22733 | Gauntlet | Found a transporter.
 22747 | Gauntlet | Found a transporter.
 22763 | Gauntlet | Found a transporter.
 22855 | Gauntlet | 22855 ||| Stepping randomly (stuck).
 22940 | Gauntlet | Identified the ring "Yfohag" {+Blink Str+5 Int+6}
 22944 | Gauntlet | 22944 ||| DROPPING ring "Yfohag" {+Blink Str+5 Int+6}.
 22966 | Gauntlet | Received a gift from Okawaru
 22970 | Gauntlet | 22970 ||| Stepping ~*~*~tactically~*~*~ (cloud).
 23015 | Gauntlet | 23015 ||| DROPPING +1 helmet of intelligence.
 23035 | Gauntlet | Identified the ring of the Manifold Yaks {rC+ Will- EV+4
                  | Dex+7 Stlth+}
 23036 | Gauntlet | 23036 ||| INVOKING Heroism.
 23212 | Gauntlet | Identified the +3 ring mail of Duriraz {Contam Dex+6}
 23254 | Gauntlet | 23254 ||| DROPPING +2 helmet of intelligence.
 23255 | Gauntlet | 23255 ||| DROPPING +4 ring of evasion.
 23256 | Gauntlet | 23256 ||| UPGRADING to ring of the Manifold Yaks {rC+ Will-
                  | EV+4 Dex+7 Stlth+}.
 23258 | Gauntlet | 23258 ||| DROPPING ring of willpower.
 23259 | Gauntlet | 23259 ||| UPGRADING to ring of Juos {rC++ MP+9 Str+4}.
 23304 | D:13     | 23304 ||| PLANNING D
 23326 | D:13     | Noticed Nessos
 23327 | D:13     | 23327 ||| INVOKING Finesse.
 23338 | D:13     | 23338 ||| INVOKING Heroism.
 23342 | D:13     | Killed Nessos
 23512 | D:13     | 23512 ||| Stepping ~*~*~tactically~*~*~ (hiding).
 23710 | D:13     | Found a gate to the Vaults.
 23723 | D:13     | 23723 ||| Stepping ~*~*~tactically~*~*~ (hiding).
 23727 | D:13     | 23727 ||| INVOKING Heroism.
 23728 | D:13     | Received a gift from Okawaru
 23927 | D:13     | You are sucked into a shaft and drop 1 floor!
 23957 | D:14     | 23957 ||| Stepping ~*~*~tactically~*~*~ (stealth).
 24001 | D:14     | 24001 ||| Stepping ~*~*~tactically~*~*~ (stealth).
 24123 | D:13     | Noticed Josephine
 24132 | D:13     | Identified the +1 fire dragon scales of Grace {rPois rF++
                  | rC- MP-9 Dex+4} (Okawaru gifted it to you on level 13 of
                  | the Dungeon)
 24132 | D:13     | Received a gift from Okawaru
 24134 | D:13     | 24134 ||| INVOKING Heroism.
 24139 | D:13     | Killed Josephine
 24399 | D:14     | 24399 ||| Stepping ~*~*~tactically~*~*~ (stealth).
 24401 | D:14     | 24401 ||| INVOKING Heroism.
 24479 | D:14     | 24479 ||| Stepping ~*~*~tactically~*~*~ (stealth).
 24480 | D:14     | 24480 ||| Stepping ~*~*~tactically~*~*~ (stealth).
 24484 | D:14     | 24484 ||| INVOKING Heroism.
 24512 | D:14     | HP: 22/96 [boulder beetle (12)]
 24513 | D:14     | 24513 ||| READING 6 scrolls of teleportation.
 24514 | D:14     | 24514 ||| DRINKING 4 potions of heal wounds.
 24515 | D:14     | 24515 ||| INVOKING Heroism.
 24763 | D:14     | 24763 ||| READING scroll of enchant weapon.
 24763 | D:14     | 24763 ||| ENCHANTING +5 war axe of flaming.
 24776 | D:14     | 24776 ||| Stepping ~*~*~tactically~*~*~ (stealth).
 24777 | D:14     | 24777 ||| Stepping ~*~*~tactically~*~*~ (stealth).
 25011 | D:14     | Reached skill level 6 in Throwing
 25016 | D:14     | 25016 ||| READING scroll of enchant weapon.
 25016 | D:14     | 25016 ||| ENCHANTING +6 war axe of flaming.
 25036 | D:14     | Found a portal to a secret trove of treasure.
 25076 | D:14     | 25076 ||| Stepping ~*~*~tactically~*~*~ (stealth).
 25081 | D:14     | 25081 ||| INVOKING Heroism.
 25094 | D:14     | Reached skill level 16 in Axes
 25276 | D:14     | 25276 ||| READING 16 scrolls of identify.
 25276 | D:14     | 25276 ||| IDENTIFYING fuming golden potion
 25293 | D:15     | Entered Level 15 of the Dungeon
 25296 | D:15     | 25296 ||| Stepping ~*~*~tactically~*~*~ (stealth).
 25406 | D:15     | Identified the +1 leather armour "Teidye" {Slay+3 Stlth+}
 25428 | D:15     | Found Zuidyozi's Changing Room.
 25435 | D:15     | 25435 ||| UPGRADING to +1 kite shield of cold resistance.
 25439 | D:15     | 25439 ||| INVOKING Heroism.
 25551 | D:15     | 25551 ||| UPGRADING to +1 kite shield of cold resistance.
 25561 | D:15     | 25561 ||| DROPPING +0 kite shield.
 25566 | D:15     | 25566 ||| BUYING potion of mutation (120 gold).
 25566 | D:15     | Bought a potion of mutation for 120 gold pieces
 25602 | D:15     | Reached skill level 12 in Armour
 25607 | D:15     | 25607 ||| READING scroll of brand weapon.
 25607 | D:15     | 25607 ||| BRANDING +7 war axe of flaming.
 25690 | D:15     | 25690 ||| INVOKING Heroism.
 25691 | D:15     | 25691 ||| SWAPPING to +0 flail.
 25692 | D:15     | 25692 ||| INVOKING Finesse.
 25706 | D:15     | 25706 ||| SWAPPING to +7 war axe of protection.
 25910 | D:15     | Found a staircase to the Depths.
 25911 | D:15     | 25911 ||| INVOKING Heroism.
 26011 | D:15     | Received a gift from Okawaru
 26012 | D:15     | Reached XP level 16. HP: 98/101 MP: 23/23
 26265 | D:15     | 26265 ||| Stepping ~*~*~tactically~*~*~ (hiding).
 26367 | D:15     | 26367 ||| PLANNING ORC
 26367 | D:15     | 26367 ||| UPGRADING to +4 ring of evasion.
 26369 | D:15     | 26369 ||| DRINKING 2 dark potions.
 26457 | Orc:1    | Entered Level 1 of the Orcish Mines
 26458 | Orc:1    | 26458 ||| INVOKING Heroism.
 26460 | Orc:1    | Noticed Jorgrun
 26460 | Orc:1    | 26460 ||| INVOKING Finesse.
 26494 | Orc:1    | Killed Jorgrun
 26494 | Orc:1    | Received a gift from Okawaru
 26582 | Orc:1    | 26582 ||| DROPPING +0 flail.
 26739 | Orc:2    | Entered Level 2 of the Orcish Mines
 26740 | Orc:2    | 26740 ||| INVOKING Heroism.
 26741 | Orc:2    | 26741 ||| STAIRDANCE
 26747 | Orc:2    | 26747 ||| STAIRDANCE
 26756 | Orc:2    | 26756 ||| STAIRDANCE
 26762 | Orc:2    | 26762 ||| DRINKING 9 potions of curing.
 26762 | Orc:2    | 26762 ||| (to cure confusion)
 26766 | Orc:2    | 26766 ||| DRINKING 8 potions of curing.
 26766 | Orc:2    | 26766 ||| (to cure confusion)
 26871 | Orc:2    | 26871 ||| Stepping ~*~*~tactically~*~*~ (hiding).
 26916 | Orc:2    | 26916 ||| INVOKING Heroism.
 26918 | Orc:2    | Received a gift from Okawaru
 26970 | Orc:2    | 26970 ||| Stepping ~*~*~tactically~*~*~ (hiding).
 26990 | Orc:2    | 26990 ||| INVOKING Heroism.
 27004 | Orc:2    | 27004 ||| Stepping ~*~*~tactically~*~*~ (hiding).
 27007 | Orc:2    | 27007 ||| Stepping ~*~*~tactically~*~*~ (hiding).
 27010 | Orc:2    | 27010 ||| Stepping ~*~*~tactically~*~*~ (hiding).
 27012 | Orc:2    | Received a gift from Okawaru
 27040 | Orc:2    | 27040 ||| Stepping ~*~*~tactically~*~*~ (stealth).
 27084 | Orc:2    | 27084 ||| Stepping ~*~*~tactically~*~*~ (hiding).
 27085 | Orc:2    | 27085 ||| Stepping ~*~*~tactically~*~*~ (hiding).
 27088 | Orc:2    | 27088 ||| Stepping ~*~*~tactically~*~*~ (hiding).
 27089 | Orc:2    | 27089 ||| Stepping ~*~*~tactically~*~*~ (hiding).
 27091 | Orc:2    | 27091 ||| Stepping ~*~*~tactically~*~*~ (hiding).
 27092 | Orc:2    | 27092 ||| Stepping ~*~*~tactically~*~*~ (hiding).
 27094 | Orc:2    | 27094 ||| INVOKING Heroism.
 27123 | Orc:2    | Found Piadwito's Armour Shoppe.
 27123 | Orc:2    | Found Xyqeogh's Armour Shop.
 27123 | Orc:2    | Found Lufoq's Book Boutique.
 27123 | Orc:2    | Found Zitooh's Antique Armour Shoppe.
 27159 | Orc:2    | 27159 ||| BUYING +0 helmet of the Imbibing Gods {Will+
                  | Dex+3} (351 gold).
 27159 | Orc:2    | Bought the +0 helmet of the Imbibing Gods {Will+ Dex+3} for
                  | 351 gold pieces
 27159 | Orc:2    | 27159 ||| SHOPLISTING +1 swamp dragon scales "Xaxkaq"
                  | {rPois rCorr} (1014 gold, have 789).
 27159 | Orc:2    | 27159 ||| SHOPLISTING +9 plate armour "Nyepiu" {Int+2
                  | Dex+5} (1345 gold, have 789).
 27166 | Orc:2    | 27166 ||| SHOPLISTING +8 orange crystal plate armour
                  | {Archmagi, Int+3 Clar} (4046 gold, have 789).
 27208 | Orc:2    | Noticed Saint Roka
 27209 | Orc:2    | 27209 ||| INVOKING Heroism.
 27210 | Orc:2    | 27210 ||| INVOKING Finesse.
 27225 | Orc:2    | Received a gift from Okawaru
 27235 | Orc:2    | HP: 19/104 [Saint Roka/+3 dire flail of draining (16)]
 27236 | Orc:2    | 27236 ||| READING 5 scrolls of teleportation.
 27237 | Orc:2    | 27237 ||| DRINKING 4 potions of heal wounds.
 27246 | Orc:2    | Found a staircase to the Elven Halls.
 27577 | Orc:2    | 27577 ||| INVOKING Heroism.
 27580 | Orc:2    | 27580 ||| INVOKING Finesse.
 27600 | Orc:2    | HP: 24/104 [Saint Roka/divine providence (17)]
 27601 | Orc:2    | 27601 ||| READING 4 scrolls of teleportation.
 27601 | Orc:2    | HP: 5/104 [orc warlord/+2 vorpal battleaxe (9)]
 27602 | Orc:2    | 27602 ||| DRINKING 3 potions of heal wounds.
 27603 | Orc:2    | 27603 ||| DRINKING 2 potions of heal wounds.
 27610 | Orc:2    | 27610 ||| FLEEEEING.
 27611 | Orc:2    | 27611 ||| FLEEEEING.
 27611 | Orc:2    | Found an iron altar of Okawaru.
 27612 | Orc:2    | 27612 ||| FLEEEEING.
 27612 | Orc:2    | Noticed Snorg
 27625 | Orc:2    | Killed Snorg
 27631 | Orc:2    | 27631 ||| FLEEEEING.
 27632 | Orc:2    | 27632 ||| FLEEEEING.
 27633 | Orc:2    | 27633 ||| FLEEEEING.
 27634 | Orc:2    | 27634 ||| FLEEEEING.
 27636 | Orc:2    | 27636 ||| FLEEEEING.
 27637 | Orc:2    | 27637 ||| FLEEEEING.
 27638 | Orc:2    | 27638 ||| FLEEEEING.
 27639 | Orc:2    | 27639 ||| FLEEEEING.
 27643 | Orc:2    | 27643 ||| FLEEEEING.
 27644 | Orc:2    | 27644 ||| FLEEEEING.
 27645 | Orc:2    | 27645 ||| FLEEEEING.
 27646 | Orc:2    | 27646 ||| FLEEEEING.
 27647 | Orc:2    | 27647 ||| FLEEEEING.
 27648 | Orc:2    | 27648 ||| FLEEEEING.
 27649 | Orc:2    | 27649 ||| FLEEEEING.
 27650 | Orc:2    | 27650 ||| FLEEEEING.
 27651 | Orc:2    | 27651 ||| FLEEEEING.
 27652 | Orc:2    | 27652 ||| FLEEEEING.
 27653 | Orc:2    | 27653 ||| FLEEEEING.
 27658 | Orc:2    | 27658 ||| FLEEEEING.
 27659 | Orc:2    | 27659 ||| FLEEEEING.
 27660 | Orc:2    | 27660 ||| FLEEEEING.
 27661 | Orc:2    | 27661 ||| FLEEEEING.
 27662 | Orc:2    | 27662 ||| FLEEEEING.
 27663 | Orc:2    | 27663 ||| FLEEEEING.
 27664 | Orc:2    | 27664 ||| FLEEEEING.
 27665 | Orc:2    | 27665 ||| FLEEEEING.
 27666 | Orc:2    | 27666 ||| FLEEEEING.
 27667 | Orc:2    | 27667 ||| STAIRDANCE
 27669 | Orc:1    | 27669 ||| INVOKING Heroism.
 27675 | Orc:1    | 27675 ||| INVOKING Finesse.
 27934 | Orc:1    | 27934 ||| UPGRADING to +0 helmet of the Imbibing Gods
                  | {Will+ Dex+3}.
 27948 | Orc:2    | 27948 ||| STAIRDANCE
 27998 | Orc:2    | 27998 ||| INVOKING Heroism.
 27999 | Orc:2    | 27999 ||| INVOKING Finesse.
 28026 | Orc:2    | Killed Saint Roka
 28180 | Orc:2    | Received a gift from Okawaru
 28215 | Orc:2    | 28215 ||| INVOKING Heroism.
 28445 | Orc:2    | 28445 ||| Stepping ~*~*~tactically~*~*~ (stealth).
 28448 | Orc:2    | 28448 ||| INVOKING Heroism.
 28700 | Orc:1    | 28700 ||| INVOKING Heroism.
 28707 | Orc:1    | Reached skill level 6 in Dodging
 28939 | Orc:1    | 28939 ||| PLANNING SPIDER:1-3
 29216 | Spider:1 | Entered Level 1 of the Spider Nest
 29243 | Spider:1 | 29243 ||| INVOKING Finesse.
 29245 | Spider:1 | 29245 ||| INVOKING Heroism.
 29302 | Spider:1 | 29302 ||| INVOKING Heroism.
 29403 | Spider:1 | 29403 ||| Stepping ~*~*~tactically~*~*~ (stealth).
 29404 | Spider:1 | 29404 ||| Stepping ~*~*~tactically~*~*~ (stealth).
 29407 | Spider:1 | 29407 ||| Stepping ~*~*~tactically~*~*~ (stealth).
 29421 | Spider:1 | 29421 ||| Stepping ~*~*~tactically~*~*~ (stealth).
 29422 | Spider:1 | 29422 ||| Stepping ~*~*~tactically~*~*~ (stealth).
 29424 | Spider:1 | 29424 ||| INVOKING Heroism.
 29710 | Spider:1 | 29710 ||| INVOKING Heroism.
 29793 | Spider:1 | 29793 ||| DROPPING +1 flail of draining.
 29795 | Spider:1 | 29795 ||| INVOKING Finesse.
 29796 | Spider:1 | 29796 ||| INVOKING Heroism.
 29797 | Spider:1 | 29797 ||| Stepping ~*~*~tactically~*~*~ (stealth).
 29810 | Spider:1 | 29810 ||| DRINKING potion of cancellation.
 29842 | Spider:1 | 29842 ||| Stepping ~*~*~tactically~*~*~ (stealth).
 29945 | Spider:1 | 29945 ||| INVOKING Heroism.
 30100 | Spider:1 | 30100 ||| INVOKING Heroism.
 30110 | Spider:1 | Reached XP level 17. HP: 111/111 MP: 22/24
 30338 | Spider:1 | 30338 ||| INVOKING Finesse.
 30339 | Spider:1 | 30339 ||| Stepping ~*~*~tactically~*~*~ (stealth).
 30349 | Spider:1 | Received a gift from Okawaru
 31074 | Spider:2 | 31074 ||| STAIRDANCE
 31076 | Spider:1 | 31076 ||| INVOKING Finesse.
 31124 | Spider:2 | 31124 ||| STAIRDANCE
 31157 | Spider:2 | Noticed Arachne
 31158 | Spider:2 | 31158 ||| STAIRDANCE
 31195 | Spider:2 | 31195 ||| STAIRDANCE
 31203 | Spider:2 | 31203 ||| STAIRDANCE
 31207 | Spider:2 | 31207 ||| STAIRDANCE
 31209 | Spider:1 | 31209 ||| INVOKING Finesse.
 31239 | Spider:1 | Killed Arachne
 31258 | Spider:2 | 31258 ||| STAIRDANCE
 31262 | Spider:1 | 31262 ||| DRINKING 9 potions of curing.
 31262 | Spider:1 | 31262 ||| (to cure confusion)
 31267 | Spider:2 | Noticed Donald
 31268 | Spider:2 | 31268 ||| STAIRDANCE
 31322 | Spider:2 | 31322 ||| STAIRDANCE
 31324 | Spider:1 | 31324 ||| INVOKING Heroism.
 31325 | Spider:1 | 31325 ||| INVOKING Finesse.
 31346 | Spider:1 | Killed Donald
 31432 | Spider:2 | 31432 ||| STAIRDANCE
 31571 | Spider:2 | 31571 ||| Stepping ~*~*~tactically~*~*~ (stealth).
 31575 | Spider:2 | Received a gift from Okawaru
 31581 | Spider:2 | 31581 ||| INVOKING Heroism.
 31622 | Spider:2 | 31622 ||| INVOKING Heroism.
 31698 | Spider:2 | 31698 ||| Stepping ~*~*~tactically~*~*~ (stealth).
 31724 | Spider:2 | 31724 ||| Stepping ~*~*~tactically~*~*~ (hiding).
 31728 | Spider:2 | Noticed Mlioglotl
 31729 | Spider:2 | 31729 ||| Stepping ~*~*~tactically~*~*~ (stealth).
 31742 | Spider:2 | 31742 ||| INVOKING Heroism.
 31743 | Spider:2 | 31743 ||| INVOKING Finesse.
 31749 | Spider:2 | Killed Mlioglotl
 31749 | Spider:2 | Received a gift from Okawaru
 31761 | Spider:2 | 31761 ||| Stepping ~*~*~tactically~*~*~ (stealth).
 31781 | Spider:2 | Noticed Frances
 31782 | Spider:2 | 31782 ||| Stepping ~*~*~tactically~*~*~ (stealth).
 31785 | Spider:2 | 31785 ||| Stepping ~*~*~tactically~*~*~ (hiding).
 31799 | Spider:2 | Killed Frances
 31881 | Spider:2 | 31881 ||| Stepping ~*~*~tactically~*~*~ (stealth).
 31889 | Spider:2 | 31889 ||| Stepping ~*~*~tactically~*~*~ (stealth).
 31940 | Spider:2 | 31940 ||| Stepping ~*~*~tactically~*~*~ (stealth).
 31946 | Spider:2 | 31946 ||| DROPPING +0 morningstar.
 32396 | Spider:3 | 32396 ||| Stepping ~*~*~tactically~*~*~ (hiding).
 32397 | Spider:3 | 32397 ||| Stepping ~*~*~tactically~*~*~ (hiding).
 32412 | Spider:3 | 32412 ||| INVOKING Heroism.
 32442 | Spider:3 | 32442 ||| INVOKING Finesse.
 32472 | Spider:3 | 32472 ||| INVOKING Heroism.
 32487 | Spider:3 | Noticed Mara
 32494 | Spider:3 | 32494 ||| INVOKING Finesse.
 32518 | Spider:3 | HP: 20/112 [Mara (illusionary)/+2 demon whip of
                  | electrocution (10)]
 32519 | Spider:3 | 32519 ||| READING 4 scrolls of teleportation.
 32520 | Spider:3 | 32520 ||| DRINKING potion of heal wounds.
 32526 | Spider:3 | Killed Mara
 32526 | Spider:3 | Received a gift from Okawaru
 32527 | Spider:3 | Reached skill level 15 in Fighting
 32528 | Spider:3 | 32528 ||| Stepping ~*~*~tactically~*~*~ (stealth).
 32530 | Spider:3 | HP: 16/113 [meliai/divine providence (16)]
 32531 | Spider:3 | 32531 ||| READING 3 scrolls of teleportation.
 32537 | Spider:3 | HP: 8/113 [meliai/divine providence (9)]
 32548 | Spider:3 | 32548 ||| FLEEEEING.
 32552 | Spider:3 | 32552 ||| FLEEEEING.
 32553 | Spider:3 | 32553 ||| FLEEEEING.
 32558 | Spider:3 | 32558 ||| STAIRDANCE
 32924 | Spider:3 | 32924 ||| INVOKING Finesse.
 32926 | Spider:3 | 32926 ||| Stepping ~*~*~tactically~*~*~ (hiding).
 32940 | Spider:3 | 32940 ||| INVOKING Heroism.
 32958 | Spider:3 | 32958 ||| Stepping ~*~*~tactically~*~*~ (stealth).
 32960 | Spider:3 | 32960 ||| Stepping ~*~*~tactically~*~*~ (stealth).
 32994 | Spider:3 | 32994 ||| Stepping ~*~*~tactically~*~*~ (stealth).
 32995 | Spider:3 | 32995 ||| Stepping ~*~*~tactically~*~*~ (stealth).
 32996 | Spider:3 | 32996 ||| Stepping ~*~*~tactically~*~*~ (stealth).
 33094 | Spider:3 | 33094 ||| READING scroll of enchant weapon.
 33094 | Spider:3 | 33094 ||| ENCHANTING +7 war axe of protection.
 33103 | Spider:3 | 33103 ||| READING 2 scrolls of teleportation.
 33106 | Spider:3 | 33106 ||| FLEEEEING.
 33112 | Spider:3 | 33112 ||| Stepping ~*~*~tactically~*~*~ (hiding).
 33130 | Spider:3 | 33130 ||| READING scroll of teleportation.
 33132 | Spider:3 | 33132 ||| FLEEEEING.
 33135 | Spider:3 | 33135 ||| Stepping ~*~*~tactically~*~*~ (stealth).
 33143 | Spider:3 | 33143 ||| Stepping ~*~*~tactically~*~*~ (stealth).
 33145 | Spider:3 | 33145 ||| INVOKING Finesse.
 33171 | Spider:3 | 33171 ||| Stepping ~*~*~tactically~*~*~ (stealth).
 33205 | Spider:3 | 33205 ||| Stepping ~*~*~tactically~*~*~ (stealth).
 33210 | Spider:3 | 33210 ||| INVOKING Finesse.
 33245 | Spider:3 | 33245 ||| Stepping ~*~*~tactically~*~*~ (stealth).
 33260 | Spider:3 | 33260 ||| Stepping ~*~*~tactically~*~*~ (stealth).
 33264 | Spider:3 | 33264 ||| Stepping ~*~*~tactically~*~*~ (hiding).
 33457 | Spider:3 | Reached skill level 15 in Armour
 33731 | Spider:3 | 33731 ||| Stepping ~*~*~tactically~*~*~ (stealth).
 33761 | Spider:3 | 33761 ||| PLANNING SWAMP:1-3
 33860 | Swamp:1  | Entered Level 1 of the Swamp
 33864 | Swamp:1  | 33864 ||| INVOKING Heroism.
 34016 | Swamp:1  | 34016 ||| INVOKING Heroism.
 34017 | Swamp:1  | 34017 ||| Stepping randomly (cloudy).
 34024 | Swamp:1  | 34024 ||| SWAPPING to +0 hand axe of flaming.
 34028 | Swamp:1  | 34028 ||| SWAPPING to +8 war axe of protection.
 34038 | Swamp:1  | 34038 ||| Stepping ~*~*~tactically~*~*~ (cloud).
 34073 | Swamp:1  | 34073 ||| Stepping ~*~*~tactically~*~*~ (stealth).
 34075 | Swamp:1  | 34075 ||| Stepping ~*~*~tactically~*~*~ (stealth).
 34157 | Swamp:1  | Received a gift from Okawaru
 34344 | Swamp:1  | 34344 ||| INVOKING Heroism.
 34348 | Swamp:1  | 34348 ||| SWAPPING to +0 hand axe of flaming.
 34355 | Swamp:1  | Noticed Kirke
 34359 | Swamp:1  | 34359 ||| SWAPPING to +8 war axe of protection.
 34382 | Swamp:1  | Killed Kirke
 34403 | Swamp:1  | 34403 ||| Stepping ~*~*~tactically~*~*~ (stealth).
 34409 | Swamp:1  | 34409 ||| Stepping ~*~*~tactically~*~*~ (stealth).
 34413 | Swamp:1  | 34413 ||| Stepping ~*~*~tactically~*~*~ (stealth).
 34414 | Swamp:1  | 34414 ||| INVOKING Heroism.
 34572 | Swamp:1  | 34572 ||| INVOKING Heroism.
 34574 | Swamp:1  | 34574 ||| SWAPPING to +0 hand axe of flaming.
 34582 | Swamp:1  | 34582 ||| SWAPPING to +8 war axe of protection.
 34727 | Swamp:1  | 34727 ||| DROPPING +1 hat of willpower.
 34758 | Swamp:2  | Found a frozen archway.
 34759 | Swamp:2  | 34759 ||| INVOKING Heroism.
 34768 | Swamp:2  | Reached XP level 18. HP: 105/119 MP: 23/25
 34817 | Swamp:2  | 34817 ||| DROPPING +0 hand axe of flaming.
 34840 | Swamp:2  | 34840 ||| Stepping ~*~*~tactically~*~*~ (hiding).
 34954 | Swamp:2  | 34954 ||| INVOKING Heroism.
 34955 | Swamp:2  | 34955 ||| Stepping randomly (cloudy).
 34965 | Swamp:2  | Received a gift from Okawaru
 34966 | Swamp:2  | 34966 ||| Stepping ~*~*~tactically~*~*~ (cloud).
 35157 | Swamp:2  | 35157 ||| INVOKING Heroism.
 35212 | Swamp:2  | Reached skill level 9 in Throwing
 35261 | Swamp:2  | 35261 ||| Stepping ~*~*~tactically~*~*~ (hiding).
 35293 | Swamp:2  | 35293 ||| Stepping ~*~*~tactically~*~*~ (hiding).
 35420 | Swamp:2  | 35420 ||| INVOKING Heroism.
 35495 | Swamp:2  | 35495 ||| Stepping ~*~*~tactically~*~*~ (stealth).
 35498 | Swamp:2  | 35498 ||| Stepping ~*~*~tactically~*~*~ (stealth).
 35560 | Swamp:2  | 35560 ||| READING scroll of enchant weapon.
 35560 | Swamp:2  | 35560 ||| ENCHANTING +8 war axe of protection.
 35869 | Swamp:2  | 35869 ||| Stepping ~*~*~tactically~*~*~ (hiding).
 35870 | Swamp:2  | 35870 ||| Stepping ~*~*~tactically~*~*~ (hiding).
 35871 | Swamp:2  | 35871 ||| Stepping ~*~*~tactically~*~*~ (hiding).
 35991 | Swamp:2  | Reached skill level 15 in Shields
 36157 | Swamp:3  | 36157 ||| Stepping ~*~*~tactically~*~*~ (hiding).
 36160 | Swamp:3  | 36160 ||| STAIRDANCE
 36300 | Swamp:3  | 36300 ||| INVOKING Heroism.
 36327 | Swamp:3  | HP: 29/119 [13-headed hydra[a spriggan druid] (6)]
 36328 | Swamp:3  | 36328 ||| DRINKING 2 potions of heal wounds.
 36330 | Swamp:3  | 36330 ||| DRINKING potion of heal wounds.
 36332 | Swamp:3  | HP: 5/119 [alligator[a spriggan druid] (16)]
 36333 | Swamp:3  | HP: 2/120 [20-headed hydra[a spriggan druid] (3)]
 36333 | Swamp:3  | Demolished by a 20-headed hydra

Levels and vault maps discovered:
D:1:      heliophobic_arrival_dark_side_of_the_moon, layout_rooms,
          shapermc_ecumenical_altar_petra
D:2:      layout_loops_ring
D:3:      kennysheep_goblin_castle, layout_basic,
          chequers_temple_overflow_minitemple, uniq_ijyb
D:4:      layout_basic, beargit_hepliaklqana_dungeon_heroes, marbit_many_paths,
          cheibriados_altar_1, nicolae_figureground_pulse, uniq_pikel,
          uniq_robin
D:5:      layout_gridville, minmay_temple_entry_glass, uniq_sigmund
D:6:      layout_rooms, mainiacjoe_overflow_brackets, serial_undead,
          serial_undead_d, serial_undead_c, serial_undead_f, serial_undead_a,
          serial_undead_e, serial_undead_f, serial_undead_f, serial_undead_a,
          nicolae_ossuary_entry_giza, lightli_corner_chamber
D:7:      dreamdust_elfheim, layout_rooms, mainiacjoe_overflow_small_starburst,
          nicolae_yredelemnul_corpse_copse, trog_three_pillars_becter,
          grunt_gozag_statues, reono_crystal_passage, minmay_misc_feat_hallway,
          kennysheep_cluttered_room, uniq_menkaure
D:8:      layout_loops_ring, grunt_dithmenos_smoke, uniq_gastronok, uniq_maurice
D:9:      layout_basic, uniq_amaemon
D:10:     layout_irregular_city, lemuel_round_altar, erik_lair_dragon,
          minivault_28
D:11:     layout_irregular_city, zombieorc1_lemuel, serial_shops, shop, shop,
          shop_coins, shop, nicolae_shop_advertising_works
          [nicolae_subvault_shop_adworks]
D:12:     layout_big_octagon, uniq_erolcha
D:13:     layout_rooms, david_vaults_5, gauntlet_entry_generic, minivault_25_ag,
          wad_floor_pattern_untrapped, uniq_nessos, uniq_urug, uniq_josephine
D:14:     layout_basic, hangedman_decor_peaks_small, nicolae_trove_entry_columns
D:15:     grunt_enter_depths_snipers, layout_basic, amethyst_killhole,
          minmay_misc_feat_diagonals, eino_tiny_chamber,
          nicolae_transmutations_shop
Temple:   hellmonk_temple_two_chambers
Lair:1:   layout_cave_pods, grunt_megastairs_4
Lair:2:   layout_chaotic_city, spider_nest_entry_rubble,
          nicolae_volcano_entry_hallway, uniq_sonja
Lair:3:   layout_hall_layers, palyth_hydra_swamp_entry, lemuel_fruit_tree
Lair:4:   layout_cave_pods, serial_bayou_pond_c, nicolae_lair_lil_pond,
          minivault_11, tgw_fedhas
Lair:5:   hellmonk_lair_end_abyssal_woods, layout_cave_shapes, slime_entry_1,
          grunt_megastairs_2
Swamp:1:  layout_basic_swamp, evilmike_swamp_ruin_rubble_1, uniq_kirke
Swamp:2:  layout_basic_swamp, portal_ice_cave_entry_ice_simulacra,
          serial_swamp_ruin, evilmike_swamp_ruin_house_2,
          evilmike_swamp_ruin_wall, evilmike_swamp_ruin_rubble_2, swamp_pool2,
          nicolae_swamp_very_dense_foliage
Swamp:3:  layout_basic_swamp, nicolae_swamp_small_spring, swamp_pool2,
          infiniplex_staircase_pool_2
Spider:1: layout_spider_delve, drop_trap, nicolae_spider_eight_legs
Spider:2: layout_spider_delve, nicolae_spider_circle_web,
          nicolae_spider_checkerboard, uniq_mlioglotl, uniq_arachne,
          uniq_frances, uniq_donald
Spider:3: cheibrodos_forgotten_conduit, uniq_mara
Orc:1:    layout_caves, uniq_jorgrun
Orc:2:    st_orc_ogre_mass, layout_caves, okawaru_metal_pillars_3,
          uniq_saint_roka, uniq_snorg

Skill      XL: |  1  2  3  4  5  6  7  8  9 10 11 12 13 14 15 16 17 18 |
---------------+-------------------------------------------------------+-----
Axes           | 2 3 4 5 7 9 10 11 12 13 15 16 | 16.0
Fighting       | 4 5 6 7 8 9 10 11 12 14 15 | 15.6
Armour         | 4 6 7 8 9 10 11 12 13 15 | 15.0
Dodging        | 1 2 3 5 6 7 |  7.0
Shields        | 7 8 9 10 11 12 14 15 | 15.0
Throwing       | 1 3 4 5 6 7 8 9 |  9.0
Invocations    | 3 6 10 | 10.0

Action                   |  1- 3 |  4- 6 |  7- 9 | 10-12 | 13-15 | 16-18 || total
-------------------------+-------+-------+-------+-------+-------+-------++-------
Melee: War axe           |    96 |   177 |   362 |   565 |  1062 |  1209 ||  3471
       Morningstar       |       |       |       |     5 |    24 |       ||    29
       Flail             |       |       |       |       |    13 |       ||    13
       Hand axe          |       |       |       |       |       |    19 ||    19
Throw: Boomerang         |       |       |       |    27 |     1 |       ||    28
       Javelin           |       |       |       |    51 |   153 |   101 ||   305
Invok: Heroism           |       |       |       |    24 |    42 |    36 ||   102
       Finesse           |       |       |       |       |    13 |    17 ||    30
  Use: Scroll            |     4 |     7 |     6 |    11 |    12 |     8 ||    48
       Potion            |     1 |     1 |     2 |     4 |     2 |    11 ||    21
 Stab: Petrified         |       |       |       |       |     5 |       ||     5
       Petrifying        |       |       |       |       |     1 |       ||     1
Armor: Scale mail        |    35 |       |       |       |       |       ||    35
       Plate armour      |    26 |   139 |   216 |   263 |   418 |   511 ||  1573
Dodge: Dodged            |    37 |    50 |    80 |   220 |   330 |   775 ||  1492
Block: Buckler           |    32 |    35 |     2 |       |       |       ||    69
       Kite shield       |       |       |   143 |   269 |   538 |   927 ||  1877

Table legend:
 A = Non-vault XP
 B = Vault XP
 C = Vault XP percentage of total XP
 D = Non-vault monster count
 E = Vault monster count
 F = Vault count percentage of total count
                 A         B        C        D         E       F
            +---------+---------+-------+---------+---------+-------
      Total |  166666 |   94196 |  36.1 |     686 |     299 |  30.4
            +---------+---------+-------+---------+---------+-------
        D:1 |      15 |       0 |   0.0 |       8 |       0 |   0.0
        D:2 |      23 |       0 |   0.0 |      13 |       0 |   0.0
        D:3 |      72 |      91 |  55.8 |      20 |      22 |  52.4
        D:4 |     347 |     725 |  67.6 |      23 |       3 |  11.5
        D:5 |     913 |     231 |  20.2 |      14 |       1 |   6.7
        D:6 |     891 |     603 |  40.4 |      20 |      14 |  41.2
        D:7 |    1100 |     583 |  34.6 |      14 |       8 |  36.4
        D:8 |    2212 |    1827 |  45.2 |      37 |       2 |   5.1
        D:9 |    2111 |    1204 |  36.3 |      10 |       2 |  16.7
       D:10 |    1615 |    7680 |  82.6 |      30 |      18 |  37.5
       D:11 |    2657 |     695 |  20.7 |      14 |      29 |  67.4
       D:12 |    1583 |     848 |  34.9 |       8 |       1 |  11.1
       D:13 |    1994 |    6481 |  76.5 |       4 |      10 |  71.4
       D:14 |   13229 |       0 |   0.0 |      25 |       0 |   0.0
       D:15 |   12086 |    2716 |  18.3 |      18 |       3 |  14.3
     Lair:1 |    4510 |     239 |   5.0 |      15 |       2 |  11.8
     Lair:2 |    9045 |    1026 |  10.2 |      42 |       2 |   4.5
     Lair:3 |   13166 |    2718 |  17.1 |      35 |       6 |  14.6
     Lair:4 |    5683 |     527 |   8.5 |      10 |       1 |   9.1
     Lair:5 |   13432 |   11563 |  46.3 |      50 |      41 |  45.1
    Swamp:1 |    8099 |    2419 |  23.0 |      18 |       6 |  25.0
    Swamp:2 |    8115 |    2912 |  26.4 |      20 |       8 |  28.6
    Swamp:3 |    7361 |       0 |   0.0 |      16 |       0 |   0.0
   Spider:1 |   19804 |    8323 |  29.6 |      56 |      10 |  15.2
   Spider:2 |    9631 |    3259 |  25.3 |      27 |       2 |   6.9
   Spider:3 |   16036 |    8721 |  35.2 |      42 |      10 |  19.2
      Orc:1 |    5841 |    1886 |  24.4 |      51 |       1 |   1.9
      Orc:2 |    5095 |   22523 |  81.6 |      46 |      50 |  52.1
    Ossuary |       0 |     491 | 100.0 |       0 |      38 | 100.0
   Gauntlet |       0 |    3905 | 100.0 |       0 |       9 | 100.0
            +---------+---------+-------+---------+---------+-------
